 Dungeon Crawl Stone Soup version 0.19.1-1-g22dce08 (webtiles) character file.

18 M4edhros the Ducker (level 2, 0/14 HPs)
             Began as a Felid Chaos Knight on Jan 4, 2017.
             Slain by a bat (1 damage)
             ... on level 1 of the Dungeon.
             The game lasted 00:00:59 (2009 turns).

M4edhros the Ducker (Felid Chaos Knight)            Turns: 2009, Time: 00:01:00

Health: 0/14       AC: -2    Str:  8    XL:     2   Next: 51%
Magic:  3/3        EV: 19    Int: 13    God:    Xom [.....*]
Gold:   13         SH:  0    Dex: 15    Spells: 0 memorised, 1 level left
                                        Lives:  0   Deaths: 0

rFire  . . .     SeeInvis +       - Unarmed
rCold  . . .     Gourm    .     (armour unavailable)
rNeg   . . .     Faith    .     (shield unavailable)
rPois  .         Spirit   .     (helmet unavailable)
rElec  .         Reflect  .     (cloak unavailable)
rCorr  .         Harm     .     (gloves unavailable)
MR     .....                    (boots unavailable)
Stlth  +++.......               (no amulet)
                                (no ring)
                                b - -3 ring of protection (curse)

@: quick
A: no armour, no weapons or thrown items, stealth, claws 1, fangs 3, see
invisible, carnivore 3, speed 1, shaggy fur 1, slow metabolism 1, sharp paws
a: Renounce Religion


You were on level 1 of the Dungeon.
You worshipped Xom.
You were Xom's teddy bear.
You were very full.

You visited 1 branch of the dungeon, and saw 1 of its levels.

You collected 13 gold pieces.

Inventory:

Jewellery
 b - a cursed -3 ring of protection (left paw)
Scrolls
 c - a scroll of remove curse {unknown}
 d - 3 scrolls of enchant weapon {unknown}
Books
 e - Xom's Incunabulum of the Magpie
   (Xom gifted it to you on level 1 of the Dungeon)

   Spells                             Type                      Level
   a - Shroud of Golubria             Charms/Translocation         2
   b - Swiftness                      Charms/Air                   2
   c - Regeneration                   Charms/Necromancy            3
   d - Bolt of Magma                  Conjuration/Fire/Earth       5
Comestibles
 a - a meat ration


   Skills:
 + Level 3.0 Fighting
 + Level 3.6 Dodging
 + Level 2.4 Stealth
 * Level 3.1 Unarmed Combat


You had one spell level left.
You didn't know any spells.

Dungeon Overview and Level Annotations

Branches:
Dungeon (1/15)

Altars:
Okawaru


Innate Abilities, Weirdness & Mutations

You cannot wear armour.
You are incapable of wielding weapons or throwing items.
Your paws allow you to move quietly. (Stealth)
You have sharp claws.
You have razor-sharp teeth.
You have supernaturally acute eyesight. (SInv)
You are carnivorous and can eat meat at any time.
You cover ground quickly.
You are covered in fur. (AC +1)
You have a slow metabolism.
Your sharp claws are effective at attacking unaware monsters.


Message History

You kill the hobgoblin!
You see here a short sword.
You start resting.
A jackal comes into view.
A jackal is nearby!
The jackal barks!
Found a club.
A jackal comes into view.
A hobgoblin and a kobold come into view.
The kobold shouts!
The hobgoblin shouts!
The kobold misses you.
You scratch the kobold but do no damage.
The kobold completely misses you. The hobgoblin hits you with a club.
You die... "That's my teddy bear, go get your own!"
Xom revives you!
Unknown command.
A bat comes into view.
The bat hits you.
You die...

,,,,* *,,,,,,,*........# *,**,#
,,,,* *,,,,,,,#........# *,**,#
,**** *.......#........# *,**,#
,* *.......#........# *,**,# ,*
*.......#........# *,,,,# ,*
*.......#........######### ,*
#####.......#.#.....)......... ,*
#...........#.#............... ,*
*......#**#.b@.#.##...........
,##*,.....####K...#.##.##########
,...##..)....#....#.##h#######***
,,,.'........K.h..............,,,
,,,,*#.......#.....h##.#####.....
,,,,*#.......#............##.....
,,,,*#.......#......##.##.##.....
,,,,*#.......#......##.#*,##.....
,,,,*#.......#......##.##,*#.....


You could see 2 jackals, a bat and 2 kobolds.

Vanquished Creatures
  4 bats (D:1)
  A giant cockroach (D:1)
  4 hobgoblins (D:1)
  4 jackals (D:1)
  A frilled lizard (D:1)
  2 rats (D:1)
16 creatures vanquished.

Notes
Turn   | Place    | Note
-------+----------+-------------------------------------------
     0 | D:1      | M4edhros the Felid Chaos Knight began the quest for the Orb.
     0 | D:1      | Reached XP level 1. HP: 10/10 MP: 2/2
    47 | D:1      | Reached skill level 1 in Stealth
    62 | D:1      | Reached XP level 2. HP: 5/14 MP: 3/3
    63 | D:1      | XOM: harmless Summ miscast
   486 | D:1      | XOM: mild Tmut miscast
   698 | D:1      | XOM: cloud trail
  1165 | D:1      | XOM: divination: magic mapping
  1426 | D:1      | Identified Xom's Incunabulum of the Magpie (Xom gifted it to you on level 1 of the Dungeon)
  1426 | D:1      | XOM: god gift: Xom's Incunabulum of the Magpie
  1731 | D:1      | Found an iron altar of Okawaru.
  1731 | D:1      | XOM: 6-stop teleportation journey
  1905 | D:1      | XOM: medium Air miscast
  2006 | D:1      | Xom revived you
  2009 | D:1      | Slain by a bat

Skill      XL: |  1  2 |
---------------+-------+-----
Stealth        | 1 2 |  2.4
Fighting       | |  3.0
Dodging        | |  3.6
Unarmed Combat | |  3.1

Action                   || total
-------------------------++-------
Melee: Unarmed           ||    65
       Bite              ||     7
 Stab: Sleeping          ||     2
  Eat: Chunk             ||     9
Dodge: Dodged            ||    59
